 Dungeon Crawl Stone Soup version 0.27.0-1-g7a089689b8 (webtiles) character file.

Game seed: 5818741023396595259

31 GordonOverkill the Grave Robber (level 3, -1/16 HPs)
             Began as a Felid Necromancer on Aug 4, 2021.
             Slain by an adder (4 damage)
             ... on level 2 of the Dungeon.
             The game lasted 00:01:49 (2026 turns).

GordonOverkill the Grave Robber (Felid Necromancer) Turns: 2026, Time: 00:01:49

Health: -1/16      AC:  1    Str:  4    XL:     3   Next: 7%
Magic:  5/8        EV: 17    Int: 17    God:
Gold:   75         SH:  0    Dex: 16    Spells: 3/7 levels left
                                        Lives:  0   Deaths: 0

rFire    . . .     SeeInvis +   (weapon unavailable)
rCold    . . .     Faith    .   (shield unavailable)
rNeg     . . .     Spirit   .   (armour unavailable)
rPois    .         Reflect  .   (helmet unavailable)
rElec    .         Harm     .   (cloak unavailable)
rCorr    .         Rampage  .   (gloves unavailable)
Will     .....                  (boots unavailable)
Stlth    ++........             (no amulet)
HPRegen  0.05/turn              (no ring)
MPRegen  0.11/turn              (no ring)

@: attractive, flying, very slightly contaminated, quick
A: very small, claws 1, fangs 3, see invisible, speed 1, shaggy fur 1, stealthy
paws, no weapons or thrown items, no armour, multi-lived
a: no special abilities


You were on level 2 of the Dungeon.
You visited 1 branch of the dungeon, and saw 2 of its levels.

You collected 75 gold pieces.

Inventory:

Jewellery
 e - a ring of fire
Scrolls
 a - a scroll of noise {unknown}
 b - 2 scrolls of identify {unknown}
 c - 3 scrolls of teleportation {unknown}
 h - a scroll of blinking {unknown}
Potions
 i - a potion of haste {unknown}


   Skills:
 + Level 1.8 Fighting
 - Level 2.6 Dodging
 - Level 2.6 Stealth
 + Level 2.7 Spellcasting
 - Level 4.0 Necromancy


You had 3 spell levels left.
You knew the following spells:

 Your Spells              Type           Power      Damage    Failure   Level
a - Pain                  Necr           60%        1d7       3%          1
b - Vampiric Draining     Necr           7%         2d7       11%         3

Your spell library contained the following spells:

 Spells                   Type           Power      Damage    Failure   Level
 Animate Skeleton         Necr           30%        N/A       3%          1
 Animate Dead             Necr           7%         N/A       34%         4
 Agony                    Necr           15%        N/A       67%         5


Dungeon Overview and Level Annotations

Branches:
Dungeon (2/15)

Altars:


Innate Abilities, Weirdness & Mutations

You have sharp claws.
You have razor-sharp teeth.
You have supernaturally acute eyesight. (SInv)
You cover ground quickly. (Speed+)
You are covered in fur. (AC +1)
Your paws help you pounce on unaware monsters.
You are incapable of wielding weapons or throwing items.
You cannot wear armour.
You gain extra lives every three experience levels.


Message History

A quokka is nearby!
An adder comes into view.
The adder hisses angrily.
Casting: Pain (safe; 3% risk of failure)
Confirm with . or Enter, or press ? or * to list all spells.
Aiming: Pain (safe; 3% risk of failure)
Press: ? - help, Shift-Dir - straight line, f - adder
Aim: an adder (chance to affect: 80%)
The adder writhes in agony.
The adder barely misses you.
Casting: Pain (safe; 3% risk of failure)
Confirm with . or Enter, or press ? or * to list all spells.
Aiming: Pain (safe; 3% risk of failure)
Press: ? - help, Shift-Dir - straight line, f/p - adder
Aim: an adder (moderately wounded, chance to affect: 80%)
The adder barely resists.
The adder misses you. The adder bites you but does no damage.
Casting: Pain (safe; 3% risk of failure)
Confirm with . or Enter, or press ? or * to list all spells.
Aiming: Pain (safe; 3% risk of failure)
Press: ? - help, Shift-Dir - straight line, f/p - adder
Aim: an adder (moderately wounded, chance to affect: 80%)
You miscast Pain.
You are very lightly contaminated with residual magic.
Nothing appears to happen.
The adder bites you.
Casting: Pain (safe; 3% risk of failure)
Confirm with . or Enter, or press ? or * to list all spells.
Aiming: Pain (safe; 3% risk of failure)
Press: ? - help, Shift-Dir - straight line, f/p - adder
Aim: an adder (moderately wounded, chance to affect: 80%)
The adder barely resists.
The quokka closely misses you. The adder bites you.
* * * LOW HITPOINT WARNING * * *
The quokka bites you.
* * * LOW HITPOINT WARNING * * *
It was a potion of attraction.
You feel attractive to monsters. The adder closely misses you.
The adder completely misses you.
It was a potion of flight.
You feel very buoyant.
You fly up into the air.
The adder bites you.
You die...

######.#.#
#...#..
.....>.#.#
#.#.)[##
#####..#.#
#.##!(.
#####..#.#
#.#..# .
.......#.#
#...###...
######.#.#
#........#
....##.#.#
#r.......#
###.#....#
#S########
#.#########
#@#
###.^.......#
#.#
.....######.#
#.# ####.#
#.# #.#
#.######.#
#.#
#.#....#.#
#.#
####.#.##.#.#
#.#
...#.#.##.#.#
#.#
...#.#.##.#.#
#.#


You could see an adder and a quokka.

Vanquished Creatures
  An adder (D:2)
  A worm (D:2)
  A ball python (D:2)
  4 bats
  An endoplasm (D:1)
  A goblin (D:1)
  2 kobolds (D:1)
  3 quokkas (D:2)
  A frilled lizard (D:1)
  4 rats
19 creatures vanquished.

Notes
Turn   | Place    | Note
-------+----------+-------------------------------------------
     0 | D:1      | GordonOverkill the Felid Necromancer began the quest for
                  | the Orb.
     0 | D:1      | Reached XP level 1. HP: 7/7 MP: 4/4
   379 | D:1      | Reached skill level 1 in Fighting
   476 | D:1      | Reached XP level 2. HP: 11/12 MP: 4/6
   572 | D:1      | Found a faded altar of an unknown god.
  1787 | D:2      | Reached XP level 3. HP: 7/16 MP: 0/8
  1952 | D:2      | Learned a level 3 spell: Vampiric Draining
  2026 | D:2      | Slain by an adder

Illustrated notes

Levels and vault maps discovered:
D:1:      giann_wishing_wells, layout_basic, chequers_ecumenical_altar_lobes
D:2:      layout_basic, minmay_tetromino_t4, uniq_crazy_yiuf_cottage

Skill      XL: |  1 |
---------------+----+-----
Fighting       | 1 |  1.8
Dodging        | |  2.6
Stealth        | |  2.6
Spellcasting   | |  2.7
Necromancy     | |  4.0

Action                   || total
-------------------------++-------
 Cast: Pain              ||    44
  Use: Potion            ||     3
Armor: Skin              ||     2
Dodge: Dodged            ||    18
